 Dungeon Crawl Stone Soup version 0.32-a0-818-gb728d0252e (webtiles) character file.

Game seed: 13663324942329095700

13 Esekla the Sneak (level 2, 5/21 HPs)
             Began as an Octopode Delver on Mar 24, 2024.
             Quit the game on level 5 of the Dungeon.
             The game lasted 00:02:41 (95 turns).

Esekla the Sneak (Octopode Delver)                    Turns: 95, Time: 00:02:41

Health: 5/21       AC:  1    Str: 11    XL:     2   Next: 37%
Magic:  2/2        EV: 12    Int: 12    God:
Gold:   14         SH:  0    Dex: 13    Spells: 1/1 levels left

rFire   . . .        a - +0 falchion
rCold   . . .        (no shield)
rNeg    . . .        (helmet restricted)
rPois   .            (no amulet)
rElec   .            (no ring)
rCorr   .            (no ring)
SInv    .            (no ring)
Will    .....        (no ring)
Stlth   ++++         (no ring)
HPRegen 0.23/turn    (no ring)
MPRegen 0.08/turn    (no ring)
                     (no ring)

%: no passive effects
@: no status effects
A: almost no armour, amphibious, 8 rings, camouflage 1, gelatinous body 1,
(nimble swimmer 1), tentacles
a: no special abilities


You were on level 5 of the Dungeon.
You visited 1 branch of the dungeon, and saw 1 of its levels.

You collected 14 gold pieces.

Inventory:

Hand Weapons
 a - a +0 falchion (weapon)
 h - a +0 trident
Wands
 f - a wand of digging (3)
Scrolls
 b - a scroll of fog
 c - a scroll of immolation {unknown}
 d - a scroll of identify {unknown}
 g - a scroll of enchant armour {unknown}
Potions
 e - 2 potions of haste


   Skills:
 * Level 3.1 Fighting
 + Level 2.0 Long Blades
 * Level 2.2 Dodging
 + Level 6.9 Stealth
 * Level 0.3 Spellcasting


You had one spell level left.
You didn't know any spells.
Your spell library was empty.

Dungeon Overview and Level Annotations

Branches:
Dungeon (5/15)
 Temple: D:4-7

Altars:
Dithmenos


Innate Abilities, Weirdness & Mutations

You cannot wear most types of armour.
You are amphibious.
You can wear up to eight rings at the same time.
Your skin changes colour to match your surroundings (Stealth+).
Your rubbery body absorbs attacks. (AC +1, EV +1)
((You are camouflaged when in or above water. (Stealth+)))
You have tentacles for arms and can constrict up to eight enemies at once.


Message History

You kill the jackal!
d - a scroll labelled TAFUEN JOCU An orc comes into view.
It is wielding a +0 trident.
Unknown command.
The orc shouts!
You hear an angry hiss.
The orc hits you with a +0 trident.
You closely miss the orc. You grab the orc. You constrict the orc.
An adder comes into view.
The orc barely misses you.
You slash the orc!
You kill the orc!
The adder closely misses you.
You closely miss the adder. You grab the adder. You constrict the adder.
The adder closely misses you.
You hit the adder but do no damage.
The adder is moderately wounded.
You constrict the adder. The adder misses you. The adder closely misses you.
You barely miss the adder.
The adder is heavily wounded.
You constrict the adder. The adder bites you.
You barely miss the adder.
The adder is severely wounded.
You constrict the adder. The adder closely misses you. The adder bites you.
You are poisoned.
The adder poisons you!
You slash the adder!
You kill the adder!
* * * LOW HITPOINT WARNING * * *
You feel sick.
You have reached level 2!
You feel sick.
Things that are here:
a +0 trident; an adder corpse; an orc corpse
h - a +0 trident You feel sick.
You feel sick.
You are no longer poisoned.
Found a shadowy altar of Dithmenos.
There is a shadowy altar of Dithmenos here.
Are you sure you want to abandon this character and quit the game? (Confirm with "yes".)

#......#.#...........*,,*
######.......>##.#...**,,
#####...#.....#.##***,
#####.###.##..#..#####
#....[..............>.
##**#####..............##.
#..*##..###...............
#####.##.##.####.............
#...##.##.##@###............#
#.##.##.##.###..............$
#.##.†.#...###............##.
#..##########...h...........#
##.#####.##....##.........#..
##.....#.......##..###..#####
*#..............#####*#.##
#................# ***..#
#.........O......#**,..##


There were no monsters in sight!

Vanquished Creatures
  An adder (D:5)
  An orc (D:5)
  A jackal (D:5)
3 creatures vanquished.

Notes
Turn   | Place    | Note
-------+----------+-------------------------------------------
     0 | D:5      | Esekla the Octopode Delver began the quest for the Orb.
     0 | D:5      | Reached XP level 1. HP: 16/16 MP: 1/1
     1 | D:5      | Noticed a bombardier beetle
    50 | D:5      | Noticed a hound
    58 | D:5      | Noticed an ogre
    82 | D:5      | Reached XP level 2. HP: 5/21 MP: 2/2
    91 | D:5      | Found a shadowy altar of Dithmenos.
    95 | D:5      | Quit the game

Illustrated notes

Levels and vault maps discovered:
D:5:      layout_rooms, marbit_many_paths, nicolae_shop_clearance

Action                     || total
---------------------------++-------
  Melee: Falchion          ||     8
         Constrict         ||     2
    Use: Scroll            ||     2
 Armour: Skin              ||     4
  Dodge: Dodged            ||     7

Table legend: (Time is in decaauts)
 A = Elapsed time spent in this place.
 B = Non-inter-level travel time spent in this place.
 C = Inter-level travel time spent in this place.
 D = Time resting spent in this place.
 E = Time spent auto-exploring this place.
 F = Levels seen in this place.
 G = Mean time per level.
                   A        B        C        D        E       F      G
               +--------+--------+--------+--------+--------+-----+--------+
         Total |     96 |     96 |      0 |      0 |      0 |   1 |   96.0 |
       Dungeon |     96 |     96 |      0 |      0 |      0 |   1 |   96.0 |
               +--------+--------+--------+--------+--------+-----+--------+

Top non-repeatable levels by time:
     D:5: 96 daAuts
